 Dungeon Crawl Stone Soup version 0.27-a0-1084-g78b3836a5f (webtiles) character file.

Game seed: 5546642446939087759

26 Splishie the Magician (level 3, -1/28 HPs)
             Began as a Gnoll Wanderer on Apr 26, 2021.
             Frozen to death by an endoplasm (5 damage)
             ... on level 1 of the Dungeon.
             The game lasted 00:02:30 (1866 turns).

Splishie the Magician (Gnoll Wanderer)              Turns: 1866, Time: 00:02:32

Health: -1/28      AC:  2    Str: 10    XL:     3   Next: 8%
Magic:  11/11      EV: 11    Int: 12    God:
Gold:   17         SH:  0    Dex: 12    Spells: 16/16 levels left

rFire    . . .     SeeInvis .   a - +2 mace
rCold    . . .     Faith    .   (no shield)
rNeg     . . .     Spirit   .   e - +0 robe
rPois    .         Reflect  .   (no helmet)
rElec    .         Harm     .   (no cloak)
rCorr    .         Rampage  .   (no gloves)
Will     .....                  (no boots)
Stlth    +.........             (no amulet)
HPRegen  0.09/turn              (no ring)
MPRegen  0.12/turn              (no ring)

@: no status effects
A: fangs 1, strong nose, distributed training
a: no special abilities


You were on level 1 of the Dungeon.
You visited 1 branch of the dungeon, and saw 3 of its levels.

You collected 17 gold pieces.

Inventory:

Hand Weapons
 a - a +2 mace (weapon)
 b - a +0 shortbow
Missiles
 c - 27 arrows
 g - 3 curare-tipped darts (quivered)
Armour
 e - a +0 robe (worn)
Scrolls
 f - a scroll of immolation {unknown}
Potions
 d - a potion of lignification {unknown}


   Skills:
 + Level 2.5 Fighting
 + Level 0.6 Short Blades
 + Level 0.6 Long Blades
 + Level 0.6 Axes
 + Level 2.5 Maces & Flails
 + Level 0.6 Polearms
 + Level 0.6 Staves
 + Level 0.6 Slings
 + Level 0.6 Bows
 + Level 0.6 Crossbows
 + Level 0.6 Throwing
 + Level 2.5 Armour
 + Level 0.6 Dodging
 + Level 0.6 Stealth
 + Level 2.5 Shields
 + Level 0.6 Unarmed Combat
 + Level 7.1 Spellcasting
 + Level 0.4 Conjurations
 + Level 2.1 Hexes
 + Level 0.4 Summonings
 + Level 2.1 Necromancy
 + Level 0.4 Translocations
 + Level 0.4 Transmutations
 + Level 0.4 Fire Magic
 + Level 0.4 Ice Magic
 + Level 0.4 Air Magic
 + Level 0.4 Earth Magic
 + Level 0.4 Poison Magic
 + Level 0.8 Invocations
 + Level 2.5 Evocations


You had 16 spell levels left.
You didn't know any spells.
Your spell library contained the following spells:

 Spells                   Type           Power      Damage    Failure   Level
 Freeze                   Ice            20%        1d4       13%         1
 Frozen Ramparts          Ice            10%        1d3       36%         3
 Ozocubu's Armour         Ice            5%         N/A       36%         3
 Hailstorm                Conj/Ice       5%         3d4       78%         4
 Metabolic Englaciation   Hex/Ice        3%         N/A       95%         5


Dungeon Overview and Level Annotations

Branches:
Dungeon (3/15)

Altars:

Annotations:
D:2 Jessica


Innate Abilities, Weirdness & Mutations

You have very sharp teeth.
Your uncanny sense of smell can sniff out nearby items.
Your experience applies equally to all skills.


Message History

The jackal bites you. The hobgoblin hits you. The jackal closely misses you.
You sock the jackal!
You kill the jackal!
The hobgoblin barely misses you. The kobold hits you with a +0 whip.
You have reached level 3!
Your experience leads to an increase in your attributes!
Increase (S)trength, (I)ntelligence, or (D)exterity?
You feel stronger.
You hit the kobold.
You kill the kobold!
The hobgoblin barely misses you. The hobgoblin barely misses you.
Items here: (( ) †††.
The hobgoblin closely misses you. The hobgoblin hits you.
You completely miss the hobgoblin.
You bite the hobgoblin, but do no damage.
The hobgoblin hits you. x2
* * * LOW HITPOINT WARNING * * *
You closely miss the hobgoblin. The hobgoblin hits you.
* * * LOW HITPOINT WARNING * * *
You thump the hobgoblin!
You kill the hobgoblin!
f - a scroll labelled ZICIOTUEGH;
g - a curare-tipped dart You see here a hobgoblin corpse.
g - 2 curare-tipped darts (gained 1)
Items here: ( ) †††.
g - 3 curare-tipped darts (gained 1)
Items here: ( ) †††.
You see here a hobgoblin corpse.
An endoplasm comes into view.
The endoplasm quivers.
You see here a scroll labelled FAH FUYHER.
You hit the endoplasm.
You bite the endoplasm, but do no damage.
The endoplasm is almost dead.
The endoplasm misses you. The endoplasm freezes you.
You are frozen.
You die...

### #.#.# ∆ #.#.#
#.#.# #.).# ##†.#
...####..#####
.............#
#########?(###.#
..!.....J@.###+#+###
#......#...r.......#
#......#..>........#
#......#...........#
#......#...........#
#..................#
......h....###'#.###
...........# .# #
.......K.#.#


You could see an endoplasm and a rat.

Vanquished Creatures
  An adder (D:2)
  A dart slug (D:1)
  An endoplasm (D:2)
  A goblin (D:1)
  2 hobgoblins
  3 jackals (D:1)
  A ball python (D:1)
  4 kobolds
  A rat (D:1)
15 creatures vanquished.

Vanquished Creatures (others)
  A plant (D:1)
1 creature vanquished.

Grand Total: 16 creatures vanquished

Notes
Turn   | Place    | Note
-------+----------+-------------------------------------------
     0 | D:1      | Splishie the Gnoll Wanderer began the quest for the Orb.
     0 | D:1      | Splishie set off with the following items: a +2 mace, a +0
                  | shortbow, 27 arrows, a scroll of teleportation, a +0 robe
     0 | D:1      | Reached XP level 1. HP: 17/17 MP: 8/8
   131 | D:2      | Reached XP level 2. HP: 5/23 MP: 10/10
   132 | D:2      | HP: 1/23 [hobgoblin (4)]
   606 | D:2      | Noticed Jessica
   687 | D:2      | HP: 1/23 [frozen (5)]
  1115 | D:1      | Found a faded altar of an unknown god.
  1847 | D:1      | Reached XP level 3. HP: 12/28 MP: 11/11
  1866 | D:1      | Frozen to death by an endoplasm

Illustrated notes

Levels and vault maps discovered:
D:1:      tarquinn_simple_flora_water_a, layout_basic,
          ebering_ecumenical_altar_rust
D:2:      layout_basic, minmay_misc_feat_enclosed, kennysheep_nub, uniq_jessica
D:3:      layout_loops_ring, zin_angel, ebering_ghost_reflecting_pool,
          chequers_serial_rivers_micro_e, uniq_natasha, uniq_ijyb

Skill      XL: |  1 |
---------------+----+-----
Hexes          | 2 |  2.1
Necromancy     | 2 |  2.1
Fighting       | |  2.5
Short Blades   | |  0.6
Long Blades    | |  0.6
Axes           | |  0.6
Maces & Flails | |  2.5
Polearms       | |  0.6
Staves         | |  0.6
Slings         | |  0.6
Bows           | |  0.6
Crossbows      | |  0.6
Throwing       | |  0.6
Armour         | |  2.5
Dodging        | |  0.6
Stealth        | |  0.6
Shields        | |  2.5
Unarmed Combat | |  0.6
Spellcasting   | |  7.1
Conjurations   | |  0.4
Summonings     | |  0.4
Translocations | |  0.4
Transmutations | |  0.4
Fire Magic     | |  0.4
Ice Magic      | |  0.4
Air Magic      | |  0.4
Earth Magic    | |  0.4
Poison Magic   | |  0.4
Invocations    | |  0.8
Evocations     | |  2.5

Action                   || total
-------------------------++-------
Melee: Mace              ||    49
       Bite              ||     4
Throw: Dart              ||     6
  Use: Scroll            ||     4
Armor: Robe              ||    12
Dodge: Dodged            ||    61

Table legend: (Time is in decaauts)
 A = Elapsed time spent in this place.
 B = Non-inter-level travel time spent in this place.
 C = Inter-level travel time spent in this place.
 D = Time resting spent in this place.
 E = Time spent auto-exploring this place.
 F = Levels seen in this place.
 G = Mean time per level.
                   A        B        C        D        E       F      G
               +--------+--------+--------+--------+--------+-----+--------+
         Total |   1899 |   1899 |      0 |   1394 |    210 |   3 |  633.0 |
       Dungeon |   1899 |   1899 |      0 |   1394 |    210 |   3 |  633.0 |
               +--------+--------+--------+--------+--------+-----+--------+

Top non-repeatable levels by time:
     D:2: 1036 daAuts
     D:1: 847 daAuts
     D:3: 15 daAuts
